 Dungeon Sprint DCSS version 0.26-a0-649-gf8c6c3aab7 (webtiles) character file.

Game seed: 13809334976231119532

543 sahdkjhfkaj the Dealer of Despair (level 7, -5/56 HPs)
             Began as a Gnoll Necromancer on Sept 26, 2020.
             Was an Elder of Kikubaaqudgha.
             Slain by a deep troll (17 damage)
             ... in the Dungeon (Sprint VII: "The Pits").
             The game lasted 00:03:08 (1311 turns).

sahdkjhfkaj the Dealer of Despair (GnNe)            Turns: 1311, Time: 00:03:09

Health: -5/56      AC:  2    Str: 11    XL:     7   Next: 27%
Magic:  11/17      EV: 17    Int: 19    God:    Kikubaaqudgha [****..]
Gold:   0          SH:  0    Dex: 15    Spells: 7/20 levels left

rFire    . . .     SeeInvis .   m - +2 trident (vorpal)
rCold    . . .     Faith    .   (no shield)
rNeg     . . .     Spirit   .   a - +0 robe
rPois    .         Reflect  .   (no helmet)
rElec    .         Harm     .   (no cloak)
rCorr    .         Rampage  .   (no gloves)
MR       .....     NoTele   +   (no boots)
Stlth    +++.......             (no amulet)
HPRegen  0.18/turn              (no ring)
MPRegen  0.15/turn              (no ring)

@: no status effects
A: distributed training, fangs 1, strong nose
a: Receive Corpses, Renounce Religion


You were in the Dungeon.
You worshipped Kikubaaqudgha.
Kikubaaqudgha was greatly pleased with you.
You visited 1 branch

Inventory:

Hand Weapons
 m - a +2 vorpal trident (weapon)
Armour
 a - a +0 robe (worn)
Scrolls
 i - 3 scrolls of remove curse
 j - 5 scrolls of amnesia
 k - a scroll of summoning
 l - 2 scrolls of vulnerability
Potions
 b - 2 potions of invisibility
 c - 5 potions of curing
 d - 3 potions of heal wounds
 e - a potion of haste
 f - 3 potions of magic
 g - a potion of berserk rage


   Skills:
 + Level 5.3 Fighting
 + Level 5.3 Short Blades
 + Level 5.3 Long Blades
 + Level 5.3 Axes
 + Level 5.3 Maces & Flails
 + Level 5.3 Polearms
 + Level 5.3 Staves
 + Level 5.3 Slings
 + Level 5.3 Bows
 + Level 5.3 Crossbows
 + Level 5.3 Throwing
 + Level 5.3 Armour
 + Level 7.1 Dodging
 + Level 6.8 Stealth
 + Level 5.3 Shields
 + Level 5.3 Unarmed Combat
 + Level 7.4 Spellcasting
 + Level 4.4 Conjurations
 + Level 4.4 Hexes
 + Level 4.4 Summonings
 + Level 8.4 Necromancy
 + Level 4.4 Translocations
 + Level 4.4 Transmutations
 + Level 4.4 Fire Magic
 + Level 4.4 Ice Magic
 + Level 4.4 Air Magic
 + Level 4.4 Earth Magic
 + Level 4.4 Poison Magic
 + Level 5.9 Invocations
 + Level 5.3 Evocations


You had 7 spell levels left.
You knew the following spells:

 Your Spells              Type           Power        Failure   Level
a - Pain                  Necr           ####         1%          1
b - Vampiric Draining     Necr           #####.....   1%          3
c - Dispel Undead         Necr           #####...     3%          4
d - Borgnjor's Vile Clut  Necr/Erth      ####......   19%         5

Your spell library contained the following spells:

 Spells                   Type           Power        Failure   Level
 Animate Skeleton         Necr           #####.       1%          1
 Corpse Rot               Necr/Air       N/A          1%          2
 Sublimation of Blood     Necr           #####.....   1%          2
 Animate Dead             Necr           #####.....   3%          4
 Agony                    Necr           #####...     9%          5
 Death Channel            Necr           #####.....   41%         6


Dungeon Overview and Level Annotations

Branches:
Dungeon (1/1)

Altars:
Ashenzari
Cheibriados
Dithmenos
Elyvilon
Fedhas
Gozag
Hepliaklqana
Kikubaaqudgha
Makhleb
Nemelex Xobeh
Okawaru
Qazlal
Ru
Sif Muna
Trog
Uskayaw
Vehumet
Wu Jian
Xom
Yredelemnul
Zin
The Shining One
Beogh
Jiyva
Lugonu


Innate Abilities, Weirdness & Mutations

Your experience applies equally to all skills.
You have very sharp teeth.
Your uncanny sense of smell can sniff out nearby items.


Message History

The deep troll is heavily wounded.
You feel life coursing into your body. The deep troll barely misses you. x2
The deep troll claws you!
Unknown command.
Unknown command.
Magic courses through your body. The deep troll closely misses you. x2
The deep troll barely misses you.
Unknown command.
Casting: Vampiric Draining (safe; 1% risk of failure)
Confirm with . or Enter, or press ? or * to list all spells.
Aiming: Vampiric Draining (safe; 1% risk of failure)
Press: ? - help, Shift-Dir - straight line, f/p - deep troll
Aim: a deep troll (heavily wounded)
The deep troll is heavily wounded.
You feel life coursing into your body. The deep troll bites you!
The deep troll claws you!
* * * LOW HITPOINT WARNING * * *
The deep troll claws you!
You die...
Kikubaaqudgha rasps: "You have failed me!
Welcome... death!"

#..(.')))'.##.....
##########.##.....
#...........'.....
#'#####'#####.....
#.#..#..#[[##.....
#.#..'.)#))#####'#
#.#..####))##.....
#.#..#..#.)##.....
#@#..#..#..##.....
#T##'#..#'###...<.
#)#........##.....
#)#........##.....
#'###########.....
#..#.#.## ######
#.......#
##.#.#.## ∆∆
#.†.....#+# ∆∆


You could see a deep troll.

Vanquished Creatures
  A floating eye (D)
  A water moccasin (D)
  A sky beast (D)
  An ice beast (D)
  A necrophage (D)
  An orc wizard (D)
  A mummy (D)
  A river rat (D)
  An ufetubus (D)
  2 oozes (D)
  An adder zombie (D)
  2 orcs (D)
  A giant cockroach (D)
  A goblin (D)
  A quokka (D)
  A bat (D)
  A leopard gecko zombie (D)
19 creatures vanquished.

Notes
Turn   | Place    | Note
-------+----------+-------------------------------------------
     0 | D        | sahdkjhfkaj the Gnoll Necromancer began the quest for the
                  | Orb.
     0 | D        | Reached XP level 1. HP: 13/13 MP: 6/6
   129 | D        | Found a bloodstained altar of Trog.
   129 | D        | Found a shimmering blue altar of Sif Muna.
   129 | D        | Found a viscous altar of Jiyva.
   129 | D        | Found a hazy altar of Hepliaklqana.
   129 | D        | Found an opulent altar of Gozag.
   130 | D        | Found a glowing golden altar of the Shining One.
   130 | D        | Found a glowing silver altar of Zin.
   130 | D        | Found a basalt altar of Yredelemnul.
   130 | D        | Found a shimmering altar of Xom.
   130 | D        | Found an ornate altar of the Wu Jian Council.
   130 | D        | Found a sacrificial altar of Ru.
   130 | D        | Found a stormy altar of Qazlal.
   130 | D        | Found an iron altar of Okawaru.
   130 | D        | Found a sparkling altar of Nemelex Xobeh.
   130 | D        | Found a burning altar of Makhleb.
   130 | D        | Found a blossoming altar of Fedhas.
   130 | D        | Found a white marble altar of Elyvilon.
   130 | D        | Found a shadowy altar of Dithmenos.
   130 | D        | Found a snail-covered altar of Cheibriados.
   131 | D        | Found a radiant altar of Vehumet.
   131 | D        | Found a corrupted altar of Lugonu.
   131 | D        | Found a roughly hewn altar of Beogh.
   132 | D        | Found a hide-covered altar of Uskayaw.
   132 | D        | Found an ancient bone altar of Kikubaaqudgha.
   132 | D        | Found a broken altar of Ashenzari.
   144 | D        | Became a worshipper of Kikubaaqudgha
   181 | D        | Reached skill level 5 in Spellcasting
   257 | D        | Reached * piety under Kikubaaqudgha
   257 | D        | Identified Kikubaaqudgha's Collected Works on Sinister
                  | Rituals (Kikubaaqudgha gifted it to you in the Dungeon)
   257 | D        | Received a gift from Kikubaaqudgha
   257 | D        | Reached skill level 1 in Invocations
   265 | D        | Reached skill level 1 in Fighting
   265 | D        | Reached skill level 1 in Short Blades
   265 | D        | Reached skill level 1 in Long Blades
   265 | D        | Reached skill level 1 in Axes
   265 | D        | Reached skill level 1 in Maces & Flails
   265 | D        | Reached skill level 1 in Polearms
   265 | D        | Reached skill level 1 in Staves
   265 | D        | Reached skill level 1 in Slings
   265 | D        | Reached skill level 1 in Bows
   265 | D        | Reached skill level 1 in Crossbows
   265 | D        | Reached skill level 1 in Throwing
   265 | D        | Reached skill level 1 in Armour
   265 | D        | Reached skill level 1 in Shields
   265 | D        | Reached skill level 1 in Unarmed Combat
   265 | D        | Reached skill level 1 in Evocations
   368 | D        | Reached skill level 1 in Conjurations
   368 | D        | Reached skill level 1 in Hexes
   368 | D        | Reached skill level 1 in Summonings
   368 | D        | Reached skill level 1 in Translocations
   368 | D        | Reached skill level 1 in Transmutations
   368 | D        | Reached skill level 1 in Fire Magic
   368 | D        | Reached skill level 1 in Ice Magic
   368 | D        | Reached skill level 1 in Air Magic
   368 | D        | Reached skill level 1 in Earth Magic
   368 | D        | Reached skill level 1 in Poison Magic
   368 | D        | Reached XP level 2. HP: 12/21 MP: 8/8
   545 | D        | Reached ** piety under Kikubaaqudgha
   572 | D        | Reached XP level 3. HP: 26/27 MP: 6/9
   602 | D        | Learned a level 3 spell: Vampiric Draining
   609 | D        | Reached skill level 5 in Dodging
   689 | D        | Noticed a floating eye
   691 | D        | Killed a floating eye
   691 | D        | Reached *** piety under Kikubaaqudgha
   691 | D        | Identified Kikubaaqudgha's Catalogue of Unholy Secrets
                  | (Kikubaaqudgha gifted it to you in the Dungeon)
   691 | D        | Received a gift from Kikubaaqudgha
   691 | D        | Reached skill level 5 in Stealth
   691 | D        | Reached XP level 4. HP: 34/35 MP: 8/12
   691 | D        | Reached XP level 5. HP: 40/41 MP: 8/13
   705 | D        | Learned a level 4 spell: Dispel Undead
   711 | D        | Learned a level 5 spell: Borgnjor's Vile Clutch
   711 | D        | Noticed a sky beast
   754 | D        | Killed a sky beast
   754 | D        | Reached XP level 6. HP: 16/48 MP: 1/15
  1056 | D        | Noticed an ice beast
  1071 | D        | Killed an ice beast
  1071 | D        | Reached skill level 8 in Necromancy
  1071 | D        | Reached skill level 5 in Invocations
  1071 | D        | Reached **** piety under Kikubaaqudgha
  1181 | D        | Noticed a water moccasin
  1184 | D        | Killed a water moccasin
  1184 | D        | Reached skill level 5 in Fighting
  1184 | D        | Reached skill level 5 in Short Blades
  1184 | D        | Reached skill level 5 in Long Blades
  1184 | D        | Reached skill level 5 in Axes
  1184 | D        | Reached skill level 5 in Maces & Flails
  1184 | D        | Reached skill level 5 in Polearms
  1184 | D        | Reached skill level 5 in Staves
  1184 | D        | Reached skill level 5 in Slings
  1184 | D        | Reached skill level 5 in Bows
  1184 | D        | Reached skill level 5 in Crossbows
  1184 | D        | Reached skill level 5 in Throwing
  1184 | D        | Reached skill level 5 in Armour
  1184 | D        | Reached skill level 5 in Shields
  1184 | D        | Reached skill level 5 in Unarmed Combat
  1184 | D        | Reached skill level 5 in Evocations
  1184 | D        | Reached XP level 7. HP: 56/56 MP: 8/17
  1280 | D        | Noticed a deep troll
  1283 | D        | HP: 2/56 [deep troll (14)]
  1311 | D        | Slain by a deep troll

Illustrated notes

Levels and vault maps discovered:
D:        pitsprint [storerooms_1, entrance_room_1, metal_vault_6, armoury_2,
          mini_pit_1, grid_room_1, main_hall_1, silver_pit, the_coven_2,
          the_vestibule_1, steel_vault_4, golden_pit, hallway_of_sentries,
          crystal_vault_5, iron_vault_1, final_vault]

Skill      XL: |  1  2  3  4  5  6 |
---------------+-------------------+-----
Spellcasting   | 5 6 7 |  7.4
Invocations    | 1 2 3 4 5 |  5.9
Fighting       | 1 3 4 5 |  5.3
Short Blades   | 1 3 4 5 |  5.3
Long Blades    | 1 3 4 5 |  5.3
Axes           | 1 3 4 5 |  5.3
Maces & Flails | 1 3 4 5 |  5.3
Polearms       | 1 3 4 5 |  5.3
Staves         | 1 3 4 5 |  5.3
Slings         | 1 3 4 5 |  5.3
Bows           | 1 3 4 5 |  5.3
Crossbows      | 1 3 4 5 |  5.3
Throwing       | 1 3 4 5 |  5.3
Armour         | 1 3 4 5 |  5.3
Shields        | 1 3 4 5 |  5.3
Unarmed Combat | 1 3 4 5 |  5.3
Evocations     | 1 3 4 5 |  5.3
Conjurations   | 1 2 3 4 |  4.4
Hexes          | 1 2 3 4 |  4.4
Summonings     | 1 2 3 4 |  4.4
Translocations | 1 2 3 4 |  4.4
Transmutations | 1 2 3 4 |  4.4
Fire Magic     | 1 2 3 4 |  4.4
Ice Magic      | 1 2 3 4 |  4.4
Air Magic      | 1 2 3 4 |  4.4
Earth Magic    | 1 2 3 4 |  4.4
Poison Magic   | 1 2 3 4 |  4.4
Dodging        | 5 6 7 |  7.1
Stealth        | 5 6 |  6.8
Necromancy     | 8 |  8.4

Action                   |  1- 3 |  4- 6 |  7- 9 || total
-------------------------+-------+-------+-------++-------
Melee: Unarmed           |    23 |       |       ||    23
       Bite              |     2 |       |       ||     2
       Trident           |       |     4 |       ||     4
 Cast: Pain              |    10 |    15 |       ||    25
       Vampiric Draining |       |     3 |     6 ||     9
       Borgnjor's Vile C |       |     2 |     1 ||     3
       Dispel Undead     |       |       |     1 ||     1
  Use: Potion            |     3 |       |     4 ||     7
       Scroll            |       |       |     1 ||     1
Armor: Robe              |     1 |     1 |       ||     2
Dodge: Dodged            |    25 |    13 |    16 ||    54

Table legend: (Time is in decaauts)
 A = Elapsed time spent in this place.
 B = Non-inter-level travel time spent in this place.
 C = Inter-level travel time spent in this place.
 D = Time resting spent in this place.
 E = Time spent auto-exploring this place.
 F = Levels seen in this place.
 G = Mean time per level.
                   A        B        C        D        E       F      G
               +--------+--------+--------+--------+--------+-----+--------+
         Total |   1329 |   1306 |     23 |   1033 |      0 |   1 | 1329.0 |
       Dungeon |   1329 |   1306 |     23 |   1033 |      0 |   1 | 1329.0 |
               +--------+--------+--------+--------+--------+-----+--------+

Top non-repeatable levels by time:
       D: 1329 daAuts
